 Dungeon Crawl Stone Soup version 0.29-a0-418-gc0181ea (webtiles) character file.

Game seed: 10928747298712272519

15941 Toastz the Brawler (level 12, -1/124 HPs)
             Began as a Troll Cinder Acolyte on May 17, 2022.
             Was a High Priest of Ignis.
             Slain by an entropy weaver (8 damage)
             ... in a Gauntlet.
             The game lasted 00:30:20 (10078 turns).

Toastz the Brawler (Troll Cinder Acolyte)          Turns: 10078, Time: 00:30:20

Health: -1/124     AC:  3    Str: 35    XL:     12   Next: 5%
Magic:  12/12      EV: 14    Int: 15    God:    Ignis [*****.]
Gold:   788        SH:  6    Dex: 11    Spells: 11/13 levels left

rFire   + + .      SeeInvis .     - Unarmed
rCold   + . .      Faith    .   S - +0 kite shield
rNeg    . . .      Spirit   .   f - +5 robe of Misfortune {Harm *Corrode *Slow EV+5}
rPois   +          Reflect  .   (helmet restricted)
rElec   +          Harm     +   h - +1 cloak
rCorr   +          Rampage  .   (gloves unavailable)
Will    .....      NoTele   +   (boots unavailable)
Stlth   +.........              N - amulet of regeneration
HPRegen 1.90/turn               k - ring of Divine Intervention {rElec rPois Int+5 Dex+6}
MPRegen 0.13/turn               o - +6 ring of strength

@: resistant, corroded
A: large, unfitting armour, claws 3, regeneration 1, shaggy fur 1, tough skin 1
a: Renounce Religion, Fiery Armour, Foxfire Swarm, Rising Flame


You were in a Gauntlet.
You worshipped Ignis.
Ignis was extremely pleased with you.
You visited 3 branches of the dungeon, and saw 13 of its levels.
You also visited: Gauntlet.

You collected 788 gold pieces.

Inventory:

Hand Weapons
 b - a +0 hunting sling
Missiles
 j - 29 poisoned darts
 B - 4 large rocks
 M - 4 javelins
 Q - 5 boomerangs (quivered)
Armour
 f - the +5 robe of Misfortune (worn) {Harm *Corrode *Slow EV+5}
   (You acquired it on level 2 of the Dungeon)

   EV:        It affects your evasion (+5).
   *Corrode:  It may corrode you when you take damage.
   *Slow:     It may slow you when you take damage.
   Harm:      It increases damage dealt and taken.
 h - a +1 cloak (worn)
 H - +0 steam dragon scales
 K - +0 acid dragon scales
 S - a +0 kite shield (worn)
Jewellery
 a - a ring of wizardry
 k - the ring of Divine Intervention (left claw) {rElec rPois Int+5 Dex+6}
   (You found it on level 2 of the Dungeon)

   [ring of dexterity]

   Int:       It affects your intelligence (+5).
   Dex:       It affects your dexterity (+6).
   rElec:     It insulates you from electricity.
   rPois:     It protects you from poison.
 o - a +6 ring of strength (right claw)
 y - an amulet of faith
 J - an amulet of guardian spirit
 L - a ring of protection from cold
 N - an amulet of regeneration (around neck)
 T - a ring of ice
Wands
 g - a wand of iceblast (3)
 i - a wand of acid (9)
 t - a wand of flame (17)
 u - a wand of paralysis (12)
 D - a wand of mindburst (21)
Scrolls
 c - 2 scrolls of torment
 n - 4 scrolls of teleportation
 q - 2 scrolls of amnesia
 r - 2 scrolls of fear
 w - a scroll of fog {unknown}
 x - 3 scrolls of summoning
 F - a scroll of identify
 I - a scroll of immolation
 R - a scroll of enchant weapon {unknown}
Potions
 d - 3 potions of flight
 e - 3 potions of curing
 l - 4 potions of attraction
 m - 3 potions of cancellation
 p - a potion of lignification {unknown}
 s - 3 potions of mutation
 z - 5 potions of ambrosia
 A - 6 potions of brilliance
 C - 2 potions of heal wounds
 E - a potion of might {unknown}
 G - a potion of haste


   Skills:
 + Level 9.5 Fighting
 - Level 4.4 Throwing
 - Level 3.0 Dodging
 + Level 1.1 Shields
 * Level 15.3 Unarmed Combat
 - Level 1.0 Spellcasting
 - Level 2.1 Fire Magic


You had 11 spell levels left.
You knew the following spells:

 Your Spells              Type           Power      Damage    Failure   Level
a - Scorch                Fire           14%        2d6       36%         2

Your spell library contained the following spells:

 Spells                   Type           Power      Damage    Failure   Level
 Animate Skeleton         Necr           0%         N/A       52%         1
 Pain                     Necr           0%         1d4       52%         1
 Ensorcelled Hibernation  Hex/Ice        0%         N/A       67%         2
 Passwall                 Tmut/Erth      0%         N/A       67%         2
 Swiftness                Air            0%         N/A       88%         3
 Vampiric Draining        Necr           0%         2d6       88%         3
 Iskenderun's Battlesphe  Conj           0%         2d6       100%        5
 Iron Shot                Conj/Erth      0%         9d1       100%        6
 Spellforged Servitor     Conj/Summ      0%         N/A       100%        7


Dungeon Overview and Level Annotations

Branches:
Dungeon (10/15)            Temple (1/1) D:6            Lair (2/6) D:8
  Snake (0/4) Lair:2      Gauntlet (1/1)
  Swamp: Lair:2-4    Shoals: Lair:2-4       Orc: D:9-12

Altars:
Ashenzari
Cheibriados
Dithmenos
Elyvilon
Fedhas
Gozag
Hepliaklqana
Kikubaaqudgha
Makhleb
Nemelex Xobeh
Okawaru
Qazlal
Ru
Sif Muna
Trog
Vehumet
Wu Jian
Xom
The Shining One

Shops:
D:6 ([(   D:9 =   D:10 =?((

Annotations:
Gauntlet 13 transporters


Innate Abilities, Weirdness & Mutations

You are too large for most types of armour.
You have claws for hands.
Your natural rate of healing is unusually fast.
You are covered in fur. (AC +1)
You have tough skin. (AC +1)


Message History

You feel very sick.
You mangle the entropy weaver!!
The entropy weaver is heavily wounded.
You feel sick. The entropy weaver hits you! x2
You block the entropy weaver's attack. The entropy weaver misses you.
The jumping spider leaps!
You feel better.
The entropy weaver hits you but does no damage.
The entropy weaver hits you!
The entropy weaver completely misses you.
The entropy weaver barely misses you.
You feel protected. The entropy weaver barely misses you.
The entropy weaver hits you!
* * * LOW HITPOINT WARNING * * *
The entropy weaver hits you!
* * * LOW HITPOINT WARNING * * *
You block the entropy weaver's attack. The entropy weaver hits you!
* * * LOW HITPOINT WARNING * * *
The entropy weaver hits you.
* * * LOW HITPOINT WARNING * * *
You block the entropy weaver's attack. x2
You feel much better.
The jumping spider leaps!
The entropy weaver hits you! The entropy weaver barely misses you.
The entropy weaver closely misses you. You block the entropy weaver's attack.
You closely miss the entropy weaver.
The entropy weaver is heavily wounded.
The jumping spider leaps!
The entropy weaver hits you. The entropy weaver hits you!
* * * LOW HITPOINT WARNING * * *
The entropy weaver hits you!
* * * LOW HITPOINT WARNING * * *
The entropy weaver hits you!
* * * LOW HITPOINT WARNING * * *
The jumping spider leaps!
You feel much better.
The jumping spider leaps!
The entropy weaver hits you!
* * * LOW HITPOINT WARNING * * *
The entropy weaver hits you!
* * * LOW HITPOINT WARNING * * *
The entropy weaver hits you!
You die...

...........§...........#.#.......
######....§8≈....#######.#######.
....©#.....§.....#©...........©#.
##########...####################
......332#...#..s......#≈#......#
.##...##3#...#.#.....#.#§#.....#.
.#.###.#.#...#.##...##.#≈##....#.
.##.##..#...#.°##.##..#§#.##©#..
.©....#...#..@B©○..○#8#...###. .
#.##..#...#..#####..#≈#....#.#
.#.###.#.#...#.##...##.#≈#...#...
.##...##.#...#.#.....#s#§#...#...
2..[©![.3#...#..?.©}[..#≈#!.#.©[.
##########...####################
....©#.....≈.....#©...........©#.
######....≈8≈....#######.#######.
...........≈...........#.#.......


You could see an entropy weaver.

Vanquished Creatures
  A boulder beetle (D:8)
  A centaur warrior (D:9)
  3 death yaks (D:7)
  Pikel (D:4)
  A cyclops (D:6)
  An ice statue (Gauntlet)
  The ghost of Illumine the Twirler, a novice MiGl (D:6)
  A black mamba (Lair:1)
  3 unseen horrors
  2 cane toads (Lair:1)
  A rime drake (Gauntlet)
  Maggie (D:8)
  2 komodo dragons
  Grinder (D:5)
  A troll (D:10)
  A hornet (D:9)
  2 wraiths (D:10)
  2 wyverns
  A redback (Gauntlet)
  22 yaks
  A basilisk (Lair:1)
  2 steam dragons
  Grum (Lair:1)
  Menkaure (D:4)
  An acid dragon (D:9)
  2 water moccasins (Lair:1)
  5 orc warriors
  2 black bears
  A sky beast (D:8)
  3 ice beasts
  A lemure (D:4)
  3 wolves (Lair:1)
  3 phantoms
  3 kobold brigands
  5 bullfrogs
  A gnoll sergeant (D:8)
  2 scorpions
  An electric eel (D:7)
  2 howler monkeys (D:7)
  A lava snake (D:7)
  2 jellies (D:6)
  11 orc priests
  2 gnoll shamans
  4 iguanas
  8 orc wizards
  Natasha (thrice) (D:2)
  An adder (D:2)
  16 gnolls
  A shadow imp (D:6)
  A white imp (D:6)
  A worm (D:2)
  3 dart slugs
  53 orcs
  3 bats
  6 endoplasms
  4 giant cockroaches
  10 goblins
  12 hobgoblins
  2 jackals (D:4)
  18 kobolds
  7 quokkas
  3 ball pythons
  5 frilled lizards
  3 rats (D:1)
269 creatures vanquished.

Vanquished Creatures (others)
  A phantom (D:6)
  4 kobolds (D:7)
  A fungus (Gauntlet)
6 creatures vanquished.

Grand Total: 275 creatures vanquished

Notes
Turn   | Place    | Note
-------+----------+-------------------------------------------
     0 | D:1      | Toastz the Troll Cinder Acolyte began the quest for the
                  | Orb.
     0 | D:1      | Reached XP level 1. HP: 22/22 MP: 1/1
    71 | D:1      | Reached XP level 2. HP: 29/29 MP: 2/2
   471 | D:1      | Reached XP level 3. HP: 33/36 MP: 3/3
   491 | D:1      | Learned a level 2 spell: Scorch
   620 | D:1      | Reached skill level 4 in Unarmed Combat
   891 | D:2      | Identified the ring of Divine Intervention {rElec rPois
                  | Int+5 Dex+6}
  1266 | D:2      | Reached XP level 4. HP: 45/45 MP: 4/4
  1309 | D:2      | Noticed Natasha
  1320 | D:2      | Killed Natasha
  1643 | D:2      | Identified a scroll of acquirement
  1645 | D:2      | Acquired the +5 robe of Misfortune {Harm *Corrode *Slow
                  | EV+5}
  1645 | D:2      | Found the +5 robe of Misfortune {Harm *Corrode *Slow EV+5}
  1688 | D:2      | Noticed Natasha
  1692 | D:2      | Killed Natasha
  1744 | D:2      | Noticed Natasha
  1747 | D:2      | Killed Natasha
  1748 | D:2      | Reached skill level 5 in Unarmed Combat
  1748 | D:2      | Reached XP level 5. HP: 53/53 MP: 5/5
  2016 | D:3      | Found an ornate altar of the Wu Jian Council.
  2032 | D:3      | Found an iron altar of Okawaru.
  2129 | D:3      | Found a burning altar of Makhleb.
  2137 | D:3      | Found an opulent altar of Gozag.
  2555 | D:4      | Noticed a black bear
  2557 | D:4      | Noticed a lemure
  2557 | D:4      | Noticed a lemure
  2557 | D:4      | Noticed Pikel
  2571 | D:4      | Killed a lemure
  2573 | D:4      | Noticed a lemure
  2578 | D:4      | Killed a black bear
  2579 | D:4      | Reached skill level 6 in Unarmed Combat
  2579 | D:4      | Reached XP level 6. HP: 62/62 MP: 6/6
  2589 | D:4      | Killed Pikel
  2590 | D:4      | Reached skill level 7 in Unarmed Combat
  2590 | D:4      | Reached XP level 7. HP: 71/71 MP: 7/7
  2623 | D:4      | Noticed Menkaure
  3230 | D:4      | Killed Menkaure
  3231 | D:4      | Reached skill level 5 in Fighting
  3231 | D:4      | Reached skill level 8 in Unarmed Combat
  3765 | D:4      | Reached XP level 8. HP: 80/80 MP: 3/8
  3898 | D:5      | Entered Level 5 of the Dungeon
  4263 | D:5      | Noticed Grinder
  4287 | D:5      | Killed Grinder
  4288 | D:5      | Reached skill level 9 in Unarmed Combat
  4648 | D:6      | Found Nailet's Antique Weapon Shoppe.
  4673 | D:6      | Reached skill level 10 in Unarmed Combat
  4694 | D:6      | Noticed a cyclops
  4743 | D:6      | Killed a cyclops
  4744 | D:6      | Reached XP level 9. HP: 64/91 MP: 6/9
  4801 | D:6      | Found Tujec's Armour Emporium.
  4939 | D:6      | Reached skill level 1 in Throwing
  4939 | D:6      | Found a staircase to the Ecumenical Temple.
  5049 | D:6      | Found a large runed translucent door.
  5049 | D:6      | Found a large runed translucent door.
  5051 | D:6      | Noticed Illumine's ghost (novice MiGl)
  5140 | D:6      | You fall into a shaft and drop 1 floor!
  5189 | Temple   | Entered the Ecumenical Temple
  5271 | D:6      | Found Nasaece's Antique Weapon Shop.
  5397 | D:6      | Killed Illumine's ghost
  5398 | D:6      | Reached skill level 11 in Unarmed Combat
  5703 | D:7      | Killed an unseen horror
  6022 | D:7      | Reached XP level 10. HP: 92/102 MP: 10/10
  6281 | D:8      | Noticed Maggie
  6285 | D:8      | Killed Maggie
  6286 | D:8      | Reached skill level 12 in Unarmed Combat
  6317 | D:8      | Noticed a death yak
  6374 | D:7      | Killed a death yak
  6451 | D:8      | Noticed a death yak
  6486 | D:7      | Killed a death yak
  6537 | D:8      | Noticed a death yak
  6543 | D:7      | Reached skill level 13 in Unarmed Combat
  6571 | D:7      | Killed a death yak
  6649 | D:8      | Found a staircase to the Lair.
  6899 | D:8      | Reached skill level 1 in Dodging
  7044 | D:8      | Noticed a boulder beetle
  7051 | D:8      | Killed a boulder beetle
  7645 | D:9      | Found Ranuezxi's Jewellery Emporium.
  7666 | D:9      | Reached XP level 11. HP: 113/113 MP: 11/11
  7973 | D:9      | Reached skill level 14 in Unarmed Combat
  7988 | D:9      | Noticed a centaur warrior
  7994 | D:9      | Killed a centaur warrior
  8217 | D:10     | Entered Level 10 of the Dungeon
  8217 | D:10     | Found Voamegg's Weapon Shoppe.
  8379 | D:10     | Identified the +0 helmet "Ketup" {Fly Int+4}
  8502 | D:10     | Found Hummoato's Antique Weapon Shop.
  8748 | D:10     | Found Gudesm's Magic Scroll Shop.
  8803 | D:10     | Found Veoneok's Jewellery Shoppe.
  9042 | Lair:1   | Entered Level 1 of the Lair of Beasts
  9202 | Lair:1   | Reached skill level 15 in Unarmed Combat
  9350 | Lair:1   | Noticed Grum
  9363 | Lair:1   | Killed Grum
  9578 | Lair:2   | Found a gate leading to a gauntlet.
  9589 | Gauntlet | Entered a Gauntlet
  9589 | Gauntlet | Found a transporter.
  9589 | Gauntlet | Found a transporter.
  9593 | Gauntlet | Noticed a tengu warrior
  9594 | Gauntlet | Found a transporter.
  9609 | Gauntlet | Found a transporter.
  9616 | Gauntlet | Noticed a fire crab
  9629 | Gauntlet | Found a transporter.
  9636 | Gauntlet | Found a transporter.
  9638 | Gauntlet | Noticed a cacodemon
  9652 | Gauntlet | Found a transporter.
  9657 | Gauntlet | Noticed a blizzard demon
  9718 | Gauntlet | Found a transporter.
  9733 | Gauntlet | Found a transporter.
  9749 | Gauntlet | Found a transporter.
  9761 | Gauntlet | Found a transporter.
  9766 | Gauntlet | Noticed a glowing orange brain
  9772 | Gauntlet | Noticed a brown ugly thing
  9777 | Gauntlet | Found a transporter.
  9844 | Gauntlet | Found a transporter.
  9846 | Gauntlet | Noticed an entropy weaver
  9860 | Gauntlet | Found a transporter.
  9888 | Gauntlet | Found a transporter.
  9900 | Gauntlet | Found a transporter.
  9924 | Gauntlet | Reached XP level 12. HP: 119/124 MP: 12/12
  9990 | Gauntlet | Reached skill level 1 in Shields
 10077 | Gauntlet | HP: 6/124 [entropy weaver (8)]
 10078 | Gauntlet | Slain by an entropy weaver

Illustrated notes

Levels and vault maps discovered:
D:1:      moated_graveyard_arrival, layout_basic, serial_aquarium,
          aquarium_bridge_long_joined [aquarium_subvault_bridge,
          aquarium_subvault_window, aquarium_subvault_window,
          aquarium_subvault_bridge, aquarium_subvault_balcony,
          aquarium_subvault_window], aquarium_bridge_island_small
          [aquarium_subvault_small_water, aquarium_subvault_window,
          aquarium_subvault_balcony, aquarium_subvault_balcony,
          aquarium_subvault_bridge], aquarium_window_2, aquarium_window_1,
          aquarium_window_double, aquarium_window_fake, aquarium_view_2f,
          aquarium_balcony_double_4, hangedman_decor_clover_reticule
D:2:      layout_basic, uniq_natasha
D:3:      layout_basic, nicolae_overflow_quartered_altars, serial_bayou_crossing
D:4:      layout_layer_cave, uniq_pikel, uniq_menkaure
D:5:      layout_loops_ring, uniq_grinder
D:6:      layout_rooms, minmay_temple_entry_glass, serial_shops, shop,
          nicolae_shop_crystal, nicolae_shop_hallway_stairs,
          ebering_ghost_disaster_area, st_stairs_7, hex_tiny,
          lemuel_flame_loot_1
D:7:      layout_loops_ring, nicolae_lava_and_water
D:8:      layout_gridville, dpeg_lair_monsters, uniq_maggie
D:9:      layout_roguey, serial_shops, nicolae_shop_hallway_plus,
          minmay_microvault
D:10:     layout_long_grid, serial_shops, nicolae_shop_bloodbath_and_beyond,
          shop_fountains, nicolae_take_the_stairs, kennysheep_mini
Temple:   compressed_dpeg_circular_temple
Lair:1:   layout_misc_corridors, uniq_grum
Lair:2:   layout_roguey [special_room_bee], minmay_snake_entry_guardpost_small,
          gauntlet_entry_generic, nicolae_lair_grove_arrangements, uniq_erica,
          uniq_nergalle
Gauntlet: gammafunk_gauntlet_branching [nicolae_gauntlet_arena_quarters,
          gammafunk_gauntlet_arena_mazey, nicolae_gauntlet_swirl,
          gammafunk_gauntlet_arena_split_x, gammafunk_gauntlet_arena_corners,
          nicolae_gauntlet_arena_grate_2, gammafunk_gauntlet_arena_open,
          gammafunk_gauntlet_arena_split_diamond, gauntlet_exit_watery]

Skill      XL: |  1  2  3  4  5  6  7  8  9 10 11 12 |
---------------+-------------------------------------+-----
Unarmed Combat | 4 5 6 7 8 10 11 13 15 | 15.3
Fighting       | 3 4 5 6 7 8 9 |  9.5
Throwing       | 3 4 |  4.4
Dodging        | 1 3 |  3.0
Shields        | 1 |  1.1
Spellcasting   | |  1.0
Fire Magic     | |  2.1

Action                   |  1- 3 |  4- 6 |  7- 9 | 10-12 || total
-------------------------+-------+-------+-------+-------++-------
Melee: Unarmed           |    79 |    92 |   190 |   287 ||   648
       Punch             |     2 |     1 |     7 |    21 ||    31
Throw: Stone             |     6 |       |    16 |       ||    22
       Boomerang         |       |       |     5 |       ||     5
       Dart              |       |       |     9 |    14 ||    23
       Javelin           |       |       |       |     6 ||     6
 Cast: Scorch            |     4 |     1 |     4 |       ||     9
  Use: Scroll            |       |     7 |    10 |     9 ||    26
       Potion            |       |       |     2 |     4 ||     6
Armor: Robe              |    34 |    28 |    63 |   108 ||   233
Dodge: Dodged            |    28 |    51 |   122 |   177 ||   378
Block: Kite shield       |       |       |       |    14 ||    14

Table legend: (Time is in decaauts)
 A = Elapsed time spent in this place.
 B = Non-inter-level travel time spent in this place.
 C = Inter-level travel time spent in this place.
 D = Time resting spent in this place.
 E = Time spent auto-exploring this place.
 F = Levels seen in this place.
 G = Mean time per level.
                   A        B        C        D        E       F      G
               +--------+--------+--------+--------+--------+-----+--------+
         Total |   9977 |   9372 |    605 |    442 |   6965 |  14 |  712.6 |
       Dungeon |   8892 |   8333 |    559 |    368 |   6285 |  10 |  889.2 |
        Temple |     72 |     37 |     35 |      0 |     27 |   1 |   72.0 |
          Lair |    529 |    519 |     10 |     12 |    352 |   2 |  264.5 |
      Gauntlet |    482 |    482 |      0 |     62 |    301 |   1 |  482.0 |
               +--------+--------+--------+--------+--------+-----+--------+

Top non-repeatable levels by time:
     D:4: 1404 daAuts
     D:8: 1117 daAuts
     D:7: 1005 daAuts
     D:2: 970 daAuts
    D:10: 790 daAuts
     D:1: 785 daAuts
     D:5: 737 daAuts
     D:6: 724 daAuts
     D:3: 709 daAuts
     D:9: 647 daAuts
  Lair:1: 494 daAuts
Gauntlet: 482 daAuts
  Temple: 72 daAuts
  Lair:2: 35 daAuts
